Map: 环轨星港

Players

开局要打鸡儿盒饭

  • Race: Terran Terran
  • League: Master

doudou

  • Race: Terran Terran
  • League: Master

iGMacSed - Winner!

  • Race: Zerg Zerg
  • League: Master

iGXiGua - Winner!

  • Race: Zerg Zerg
  • League: Master

Event: GPL 2015 - Grand Finals

VOD

Have the link to the VOD?

Description

Time

  • Played on: Jan. 22, 2016, 3:34 a.m.
  • Length: 9:23

All games in this series

Show
View Real Time Build Order
Export as new Build Order

开局要打鸡儿盒饭 Terran 

Build Orders: MMM Bio 

Get SALT Encoding   

  12  0:00  SCV  
  13  0:13  SCV  
  14  0:17  Supply Depot  
  14  0:25  SCV  
  15  0:39  SCV  
  15  0:40  Barracks  
  16  0:45  Refinery  
  16  0:51  SCV  
  17  1:02  Barracks  
  17  1:04  SCV  
  18  1:16  SCV  
  19  1:23  Barracks  
  19  1:29  Reaper  
  20  1:37  Orbital Command  
  20  1:45  Refinery  
  20  1:49  Reaper  
  21  1:55  Supply Depot  
  21  2:03  SCV  
  21  2:07  Reaper  
  23  2:17  SCV  
  23  2:19  Reaper  
  25  2:24  Supply Depot  
  25  2:28  Reaper  
  25  2:29  SCV  
  27  2:39  Reaper  
  27  2:41  SCV  
  29  2:51  Reaper  
  29  2:53  SCV  
  31  3:00  Reaper  
  31  3:02  Command Center  
  32  3:07  SCV  
  32  3:11  Reaper  
  34  3:18  Supply Depot  
  34  3:23  Reaper  
  34  3:26  SCV  
  36  3:32  Reaper  
  37  3:38  SCV  
  38  3:48  Command Center, Reaper  
  38  3:53  SCV  
  40  3:55  Reaper  
  40  4:04  Reaper  
  40  4:05  SCV  
  42  4:14  Orbital Command  
  42  4:17  SCV  
  42  4:21  Barracks Reactor  
  43  4:29  Engineering Bay, SCV  
  43  4:30  Engineering Bay  
  44  4:36  Barracks Tech Lab  
  44  4:37  Barracks Tech Lab  
  44  4:40  SCV  
  44  4:41  SCV  
  46  4:52  SCV  
  47  4:55  Stimpack  
  47  4:56  Marine x2  
  47  4:59  SCV  
  50  5:00  Refinery  
  50  5:01  Marine  
  50  5:02  Refinery, Orbital Command  
  50  5:03  Marine  
  52  5:07  Terran Infantry Armor Level 1, Terran Infantry Weapons Level 1  
  52  5:08  SCV  
  52  5:13  Marine  
  54  5:15  SCV  
  54  5:18  Marine  
  56  5:22  Marine  
  56  5:24  SCV  
  56  5:28  Factory  
  58  5:29  SCV  
  58  5:34  SCV  
  60  5:37  Marine x2  
  60  5:38  Supply Depot  
  60  5:40  Combat Shields  
  60  5:41  Marauder  
  63  5:43  SCV  
  63  5:44  Marine, Orbital Command  
  63  5:46  SCV  
  66  5:55  Marine  
  66  5:56  Marauder  
  69  5:57  SCV  
  69  6:01  Marine, Supply Depot  
  69  6:02  Marine  
  69  6:03  Supply Depot  
  72  6:07  SCV  
  72  6:10  SCV  
  74  6:13  Factory Reactor  
  74  6:15  Starport  
  74  6:17  Marauder  
  76  6:18  Marine  
  76  6:21  SCV  
  76  6:22  SCV  
  76  6:24  Marine  
  76  6:25  SCV  
  81  6:31  Marauder  
  83  6:33  SCV  
  83  6:34  Barracks  
  83  6:35  Barracks, SCV  
  85  6:40  SCV  
  85  6:45  SCV  
  85  6:46  Armory  
  85  6:47  Marine, SCV  
  88  6:48  Marauder  
  88  6:51  Marine  
  92  6:55  SCV  
  92  6:57  SCV  
  94  7:03  Marine  
  94  7:04  Medivac x2  
  94  7:05  Marine, SCV  
  98  7:15  Marine, Marauder  
  95  7:18  SCV  
  95  7:21  Marine  
  96  7:23  Factory Tech Lab  
  96  7:24  SCV  
  96  7:25  SCV  
  96  7:29  Marine  
  95  7:30  SCV  
  95  7:36  Marine  
  88  7:37  Marauder  
  88  7:39  Marauder  
  88  7:40  Marine  
  85  7:47  Marine, SCV  
  85  7:52  Marine  
  85  7:53  Marine  
  85  7:54  Siege Tank  
  85  7:56  Medivac x2, SCV  
  85  7:57  Marine, SCV  
  85  7:58  Marine  
  97  7:59  SCV  
  97  8:08  SCV  
  97  8:11  SCV  
  95  8:19  Marine  
  81  8:22  Marine  
  72  8:27  Marine  
  72  8:28  Medivac x2, Marine x2, Marauder  
  72  8:29  Siege Tank  
  72  8:30  SCV  
  72  8:33  SCV  
  85  8:38  Command Center  
  85  8:39  Marine  
  86  8:52  Supply Depot  
  86  8:54  Supply Depot  
  86  8:55  Supply Depot  
  86  8:57  Supply Depot  
  83  9:05  Marine  
Show
View Real Time Build Order
Export as new Build Order

doudou Terran 

Build Orders:  

Get SALT Encoding   

  12  0:01  Drone  
  13  0:09  Drone  
  14  0:17  Overlord  
  14  0:23  Extractor  
  14  0:24  Drone  
  15  0:35  Drone x2  
  17  0:52  Hatchery  
  17  0:55  Drone  
  17  0:58  Drone  
  17  1:00  Extractor  
  17  1:14  Spawning Pool  
  17  1:16  Drone  
  17  1:21  Drone  
  18  1:27  Drone  
  19  1:37  Overlord  
  19  2:00  Queen  
  23  2:01  Zergling x4  
  23  2:04  Queen  
  23  2:06  Drone  
  26  2:12  Drone  
  27  2:27  Drone  
  28  2:33  Drone, Roach Warren  
  28  2:36  Drone, Queen  
  31  2:37  Drone  
  31  2:39  Drone  
  31  2:43  Overlord  
  33  2:52  Overlord  
  33  3:13  Roach x4  
  33  3:14  Roach x2  
  33  3:15  Drone x2  
  33  3:17  Drone  
  48  3:20  Drone  
  48  3:24  Drone x2  
  51  3:32  Drone  
  52  3:34  Overlord  
  52  3:42  Evolution Chamber  
  52  3:44  Lair  
  51  3:48  Drone  
  51  3:50  Overlord x2  
  51  3:53  Drone  
  51  3:54  Extractor x2  
  51  3:59  Drone x2  
  51  4:01  Drone  
  54  4:08  Zerg Missile Weapons Level 1, Extractor  
  54  4:09  Drone x2  
  55  4:12  Drone  
  55  4:14  Drone  
  57  4:19  Drone x2  
  57  4:20  Drone  
  60  4:25  Drone  
  61  4:36  Drone  
  61  4:37  Drone x2  
  61  4:38  Drone x2  
  66  4:40  Overlord  
  66  4:41  Drone, Glial Reconstitution  
  67  4:52  Evolution Chamber  
  66  4:53  Roach x3  
  66  4:55  Roach  
  74  5:01  Roach x2  
  74  5:02  Pneumatized Carapace  
  74  5:05  Roach  
  80  5:10  Roach x2  
  80  5:12  Overseer  
  84  5:16  Overlord  
  84  5:20  Overlord  
  84  5:25  Zerg Ground Armor Level 1  
  84  5:43  Hatchery  
  84  5:46  Roach x5  
  93  5:52  Roach x3  
  99  5:59  Overlord x2  
  99  6:01  Overlord  
  97  6:04  Overlord  
  97  6:09  Roach x2  
  99  6:13  Zerg Missile Weapons Level 2  
  99  6:22  Roach x3  
  105  6:27  Roach  
  105  6:29  Roach  
  105  6:31  Roach  
  111  6:34  Roach  
  111  6:36  Roach  
  115  6:42  Burrow  
  115  6:44  Roach x2  
  115  6:46  Roach  
  121  6:50  Overseer  
  121  6:51  Roach  
  123  6:56  Roach  
  123  6:58  Roach x2  
  123  7:00  Roach  
  131  7:10  Roach  
  131  7:12  Roach, Overlord  
  131  7:13  Overlord  
  131  7:14  Overlord  
  127  7:16  Overlord  
  127  7:20  Roach  
  119  7:26  Roach  
  119  7:27  Roach x2  
  119  7:29  Roach  
  125  7:34  Roach  
  101  7:41  Roach x4  
  105  7:45  Ravager  
  105  7:46  Ravager x2  
  105  7:53  Roach  
  105  7:54  Roach x3  
  105  7:56  Ravager  
  113  8:09  Roach x4  
  119  8:17  Roach x3  
  123  8:23  Roach x3  
  127  8:28  Drone x4  
  127  8:29  Drone  
  132  8:35  Roach x15  
  132  8:37  Drone  
  133  8:44  Roach x4  
  133  8:45  Drone x4  
  137  8:51  Drone x5  
  137  8:52  Nydus Network, Extractor  
  137  8:53  Drone, Extractor  
  130  9:03  Roach x3  
  130  9:04  Roach  
Show
View Real Time Build Order
Export as new Build Order

iGMacSed Zerg - Winner!

Build Orders:  

Get SALT Encoding   

Show
View Real Time Build Order
Export as new Build Order

iGXiGua Zerg - Winner!

Build Orders:  

Get SALT Encoding   

Tags
 
Add a new tag
Caveats
  • Supply blocks, unpowered buildings, or Contaminate may cause inaccurate times.
  • Supply counts are checked every 10 seconds.